Unix NetHack Version 5.0.0-0 post-release - last build May  4 2026 22:22:43 (774f63e81ad911689b3a0859ea89b322d5daca8d,branch:main).

Game began 2026-05-06 00:51:31, ended 2026-05-06 01:11:04.

IceCreamJones, lawful female human Priestess

  ------
  |....|
  |....|
  |....|
  |.....#
  |....|#
  ---w--#######
     #        ##  -----
     #         #  |...-#[)[#
     ##        #  |...|##  #
      ##       #  |.>.|
       ###     #  |...|
 --------|--   ###+...|
 |.........|      |...+
 |......<..|      -----
 |.........|
 |.........|
 -----------

IceCreamJones the Acolyte    St:15 Dx:12 Co:14 In:12 Wi:18 Ch:8  Lawful
Dlvl:5  $:209 HP:0(43) Pw:61(70) AC:1  Xp:5 T:2709  Burdened

Latest messages:
 The Uruk-hai misses!
 What do you want to wield? [- asxC or ?*] a
 You are already wielding that!
 You kill the Uruk-hai!
 Welcome to experience level 5.
 The kitten picks up a coarse mantelet.
 You see here a crude short sword.
 There are several objects here.
 L - an iron skull cap.
 You have a little trouble lifting an iron skull cap.  Continue? [ynq] (q) y
 You have a little trouble lifting M - an iron skull cap.
 N - a lamp.
 O - a green gem.
 Your movements are slowed slightly because of your load.
 You see here a crude short sword.
 You see here an iron skull cap.
 In what direction? 6
 The door resists!
 You drop a broad pick.
 Your movements are now unencumbered.
 You drop an iron skull cap.
 You drop an iron skull cap.
 In what direction? 6
 The door resists!
 In what direction? 6
 The door closes.
 C - a broad pick.
 You have a little trouble lifting an iron skull cap.  Continue? [ynq] (q) y
 You have a little trouble lifting M - an iron skull cap.
 L - an iron skull cap.
 Your movements are slowed slightly because of your load.
 You hear a door open.
 What do you want to zap? [kE or ?*] E
 In what direction? 3
 The wood nymph turns into a purple worm!
 The purple worm bites!
 The purple worm swallows you whole!
 The purple worm digests you!
 You hit the purple worm.
 The purple worm thoroughly digests you!
 You hit the purple worm.
 The purple worm utterly digests you!
 You hit the purple worm.
 The purple worm totally digests you!
 You die...
 Do you want your possessions identified? [ynq] (y) n
 Do you want to see your attributes? [ynq] (y) n
 Do you want an account of creatures vanquished? [ynaq] (y) n
 Do you want to see your conduct and achievements? [ynq] (y) n
 Do you want to see the dungeon overview? [ynq] (y) n

Inventory:
 Coins    ('$')
  $ - 209 gold pieces
 Amulets  ('"')
  B - an amulet of unchanging (being worn)
 Weapons  (')')
  s - a +0 sling (alternate weapon; not wielded)
  x - a +0 orcish dagger
  C - a +0 dwarvish mattock
  a - a blessed +1 mace (weapon in right hand)
 Armor    ('[')
  y - a blessed +0 orcish helm (being worn)
  L - a +0 orcish helm
  M - a +0 orcish helm
  c - a +0 small shield (being worn)
  b - a +0 robe (being worn)
  o - a blessed +0 elven mithril-coat (being worn)
 Comestibles  ('%')
  f - a sprig of wolfsbane
  j - a lichen corpse
 Scrolls  ('?')
  I - a blessed scroll of enchant armor
  G - a blessed scroll of fire
  D - a scroll of identify
  H - a scroll of light
  p - a scroll of magic mapping
  J - a scroll of remove curse
  l - a scroll of scare monster
 Potions  ('!')
  z - a potion of healing
  w - a potion of water
 Rings    ('=')
  i - a +1 ring of gain strength (on right hand)
 Wands    ('/')
  E - a wand of polymorph (0:2)
  k - a wand of stasis (0:2)
 Tools    ('(')
  N - an oil lamp
 Gems/Stones  ('*')
  m - an amethyst stone
  K - a jade stone
  A - a worthless piece of blue glass
  O - a worthless piece of green glass
  t - 20 rocks (in quiver pouch)

IceCreamJones the Priestess's attributes:

Background:
 You were an Acolyte, a level 5 human Priestess.
 You were lawful, on a mission for Shan Lai Ching
 who was opposed by Chih Sung-tzu (neutral) and Huan Ti (chaotic).
 You were right-handed.
 You were in the Dungeons of Doom, on level 5.
 You entered the dungeon 2709 turns ago.
 It was nighttime.
 You had 179 experience points, 141 more were needed to attain level 6.

Basics:
 You had 0 out of 43 hit points.
 You had 61 out of 70 energy points (spell power).
 Your armor class was 1.
 Your wallet contained 209 zorkmids.
 Autopickup was off.

Final Characteristics:
 Your strength was 15 (base:14, limit:18/100).
 Your dexterity was 12 (limit:18).
 Your constitution was 14 (limit:18).
 Your intelligence was 12 (limit:18).
 Your wisdom was 18 (limit:18).
 Your charisma was 8 (limit:18).

Final Status:
 You were swallowed by the purple worm and got totally digested.
 You weren't hungry.
 You were burdened; movement was slightly slowed.
 You were wielding a mace.
 You had basic skill with mace.

Final Attributes:
 You were piously aligned.
 You were guarded.
 Your spell casting was impaired by metallic armor, mitigated by your robe.
 You couldn't change from your current form.
 You are dead.

Miscellaneous:
 You encountered 1 bones level.
 Total elapsed playing time was 19 minutes and 32 seconds.

Major events:
 Turn
    1: IceCreamJones the lawful human Priestess entered the dungeon
  814: entered the Gnomish Mines
 1208: attained the rank of Acolyte (level 3)
 2709: killed by a purple worm

Spells:
 Name                 Level Category     Fail Retention
 healing                1   healing       49%  76%-100%
 detect monsters        1   divination    67%  76%-100%

Skills:
 Fighting Skills
   bare handed combat [Unskilled]
 Weapon Skills
   club               [Unskilled]
   mace               [Basic]
   morning star       [Unskilled]
   flail              [Unskilled]
   hammer             [Unskilled]
   quarterstaff       [Unskilled]
   polearms           [Unskilled]
   spear              [Unskilled]
   trident            [Unskilled]
   lance              [Unskilled]
   bow                [Unskilled]
   sling              [Unskilled]
   crossbow           [Unskilled]
   dart               [Unskilled]
   shuriken           [Unskilled]
   boomerang          [Unskilled]
   unicorn horn       [Unskilled]
 Spellcasting Skills
   healing spells     [Unskilled]
   divination spells  [Unskilled]
   clerical spells    [Basic]

Voluntary challenges:
 Character rerolling was not enabled.
 You never genocided any monsters.
 You never polymorphed an object.
 You never changed form.
 You used no wishes.
Achievements:
 You entered the Gnomish Mines.
 You attained the rank of Acolyte.
 You entered a shop.

 The Dungeons of Doom: levels 1 to 6
    Level 1:
       A fountain.
    Level 2:
       Stairs down to The Gnomish Mines.
    Level 3:
       Some fountains.
    Level 4:
       A general store.
    Level 5: <- You were here.
       Final resting place for
          you, killed by a purple worm,
          mwm11235-Wiz-Hum-Mal-Neu, killed by a jaguar.
    Level 6:
 The Gnomish Mines:
    Level 3:


Vanquished creatures:
  a quivering blob
  a jaguar
  2 Uruk-hai
  2 giant ants
  a homunculus
  2 iguanas
  2 acid blobs
  a coyote
  a hobbit
  a hobgoblin
  5 giant rats
  a yellow mold
  a red mold
  a gnome
  a gnome zombie
  2 geckos
  6 jackals
  a fox
  3 kobolds
  2 grid bugs
  6 lichens
  a kobold zombie
  2 newts
46 creatures vanquished.

No species were genocided or became extinct.

Game over:
                       ----------
                      /          \
                     /    REST    \
                    /      IN      \
                   /     PEACE      \
                  /                  \
                  |  IceCreamJones   |
                  |      209 Au      |
                  |   killed by a    |
                  |   purple worm    |
                  |                  |
                  |                  |
                  |       2026       |
                 *|     *  *  *      | *
        _________)/\\_//(\/(/\)/\//\/|_)_______

Goodbye IceCreamJones the Priestess...

You died in The Dungeons of Doom on dungeon level 5 with 1155 points,
and 209 pieces of gold, after 2709 moves.
You were level 5 with a maximum of 43 hit points when you died.

